 Dungeon Sprint DCSS version 0.31-a0-960-g0fca184906 (webtiles) character file.

Game seed: 8998594550218800339

19047 fingers the Peltast (level 12, -38/103 HPs)
             Began as a Demonspawn Fighter on Oct 23, 2023.
             Was the Champion of Wu Jian.
             Killed from afar by a frost giant (40 damage)
             ... with a bolt of cold
             ... in the Dungeon (Sprint V: "Ziggurat Sprint").
             The game lasted 00:05:29 (982 turns).

fingers the Peltast (Demonspawn Fighter)             Turns: 982, Time: 00:05:30

Health: -38/103    AC: 34    Str: 33    XL:     12   Next: 33%
Magic:  12/12      EV:  6    Int: 10    God:    Wu Jian [******]
Gold:   0          SH: 35    Dex: 13    Spells: 11/11 levels left

rFire   . . .        D - +5 demon whip (heavy)
rCold   . . .        F - +18 shield of the Gong {Loud rN+ Will+ rCorr EV-5}
rNeg    + . .        E - +15 Maxwell's patent armour {-Cast -Tele rElec Will+ rCorr}
rPois   .            (helmet currently unavailable)
rElec   +            (cloak currently unavailable)
rCorr   +            (gloves unavailable)
SInv    .            (boots currently unavailable)
Will    ++...        K - amulet of the acrobat Stlth
                     A - +6 ring of strength
HPRegen 0.37/turn    B - +6 ring of strength
MPRegen 0.13/turn

%: no teleportation, no spellcasting, acrobat
@: beast-form, in a heavenly storm, glowing, studying Summonings, serpent's lash
A: beast (slay +3), icemail 1, spiny 3, condensation shield, weakness stinger 1,
demonic touch 3, screaming 1, inability to read after injury 1
a: Begin Untransformation, Renounce Religion, Wall Jump, Serpent's Lash,
Heavenly Storm


You were in the Dungeon.
You worshipped Wu Jian.
Wu Jian was exalted by your worship.
You were a hulking beast.
You visited 1 branch

Inventory:

Hand Weapons
 a - a +0 flail
 C - a +5 giant spiked club
 D - a +5 heavy demon whip (weapon)
Armour
 b - a +0 scale mail
 c - a +0 buckler
 E - the +15 Maxwell's patent armour (worn) {-Cast -Tele rElec Will+ rCorr}
   (You found it in the Dungeon)

   rElec:     It insulates you from electricity.
   Will+:     It increases your willpower.
   -Cast:     It prevents spellcasting.
   -Tele:     It prevents most forms of teleportation.
   rCorr:     It protects you from acid and corrosion.
 F - the +18 shield of the Gong (worn) {Loud rN+ Will+ rCorr EV-5}
   (You found it in the Dungeon)

   Loud:      It is deafeningly noisy when blocking attacks.
   EV-5:      It affects your evasion (-5).
   rN+:       It protects you from negative energy.
   Will+:     It increases your willpower.
   rCorr:     It protects you from acid and corrosion.
Jewellery
 v - a ring of flight
 w - a +6 ring of dexterity
 x - a +6 ring of dexterity
 y - a +6 ring of intelligence
 z - a +6 ring of intelligence
 A - a +6 ring of strength (left hand)
 B - a +6 ring of strength (right hand)
 I - a ring of ice
 J - the ring of Arrival {rCorr Dex+2}
   (You found it in the Dungeon)

   [ring of resist corrosion]

   Dex+2:     It affects your dexterity (+2).
   rCorr:     It protects you from acid and corrosion.
 K - an amulet of the acrobat (around neck)
 M - the ring of the Commoners {Will+ rCorr}
   (You found it in the Dungeon)

   [ring of resist corrosion]

   Will+:     It increases your willpower.
   rCorr:     It protects you from acid and corrosion.
 O - a ring of protection from fire
Talismans
 G - a beast talisman (active)
Wands
 s - a wand of mindburst (7)
 t - a wand of iceblast (14)
 u - a wand of quicksilver (10)
 L - a wand of digging (6)
 N - a wand of flame (23)
Scrolls
 j - 4 scrolls of blinking
 n - a scroll of brand weapon
 o - 4 scrolls of amnesia
 p - 8 scrolls of fog
 q - 5 scrolls of identify
 r - 2 scrolls of fear
Potions
 d - 6 potions of might
 e - 10 potions of curing
 f - a potion of heal wounds
 g - 6 potions of haste
 h - 7 potions of magic
 i - 3 potions of berserk rage
 k - 2 potions of brilliance
 l - 2 potions of invisibility
 m - 2 potions of resistance
Miscellaneous
 H - a phantom mirror


   Skills:
 + Level 12.8 Fighting
 + Level 13.6 Maces & Flails
 + Level 11.6 Armour
 + Level 3.7 Dodging
 + Level 2.3 Stealth
 + Level 16.0 Shields
 + Level 4.5 Evocations
 + Level 6.8 Shapeshifting


You had 11 spell levels left.
You didn't know any spells.
Your spell library contained the following spells:

 Spells                   Type           Power      Damage    Failure   Level
 Apportation              Tloc           0%         N/A       95%         1
 Blink                    Tloc           0%         N/A       99%         2
 Ensorcelled Hibernation  Hex/Ice        0%         N/A       99%         2
 Jinxbite                 Hex            0%         N/A       99%         2
 Sublimation of Blood     Necr           0%         N/A       99%         2
 Inner Flame              Hex/Fire       0%         N/A       100%        3
 Volatile Blastmotes      Fire/Tloc      0%         2d10      100%        3
 Anguish                  Hex/Necr       0%         N/A       100%        4
 Brom's Barrelling Bould  Conj/Erth      0%         2d3       100%        4
 Iskenderun's Mystic Bla  Conj/Tloc      0%         2d3       100%        4
 Petrify                  Tmut/Erth      0%         N/A       100%        4
 Alistair's Intoxication  Tmut/Pois      0%         N/A       100%        5
 Irradiate                Conj/Tmut      0%         3d11      100%        5
 Summon Forest            Summ/Tloc      0%         N/A       100%        5
 Yara's Violent Unravell  Hex/Tmut       0%         3d3       100%        5
 Eringya's Noxious Bog    Tmut/Pois      0%         4d6       100%        6
 Simulacrum               Ice/Necr       0%         N/A       100%        6
 Enfeeble                 Hex            0%         N/A       100%        7
 Haunt                    Necr/Summ      0%         N/A       100%        7
 Ozocubu's Refrigeration  Ice            0%         4d7       100%        7
 Summon Hydra             Summ           0%         N/A       100%        7
 Borgnjor's Revivificati  Necr           0%         N/A       100%        8
 Death's Door             Necr           0%         N/A       100%        9
 Polar Vortex             Ice            0%         N/A       100%        9


Dungeon Overview and Level Annotations

Branches:
Dungeon (1/1)

Altars:
Ashenzari
Cheibriados
Dithmenos
Fedhas
Gozag
Hepliaklqana
Kikubaaqudgha
Makhleb
Nemelex Xobeh
Okawaru
Qazlal
Ru
Sif Muna
Trog
Uskayaw
Vehumet
Wu Jian
Xom
Yredelemnul
Jiyva
Lugonu


Innate Abilities, Weirdness & Mutations

You are a hulking beast.
Your limbs bulge with bestial killing power. (Slay +3)
A meltable icy envelope protects you from harm. (AC +4)
You are completely covered in sharp spines.
A meltable shield of frost defends you. (SH +4)
You have a small tail.
Your touch may irresistibly damage your foes and sap their willpower.
You occasionally shout uncontrollably at your foes.
You occasionally lose the ability to read scrolls when taking damage.


Message History

The Council accepts your kill.
Your Shields skill increases to level 16!
You completely miss the frost giant. You block the freezing wraith's attack.
BONNNG!
You block the freezing wraith's attack.
PTOANNNG!
You block the titan's attack.
PANG!
The frost giant is struck by your spines.
The frost giant hits you with a +2 battleaxe of freezing!
The frost giant freezes you. The frost giant barely misses you.
You whack the frost giant!
The frost giant is lightly wounded.
You block the freezing wraith's attack.
GONNNNG!
You block the freezing wraith's attack.
GONNNNG!
The titan hits you!!
The frost giant is struck by your spines.
The frost giant hits you with a +2 battleaxe of freezing!!
* * * LOW HITPOINT WARNING * * *
The frost giant freezes you.
* * * LOW HITPOINT WARNING * * *
You block the frost giant's attack.
GONNNNG!
You hit the frost giant.
The frost giant is lightly wounded.
You feel much better. You block the freezing wraith's attack.
PANG!
You block the freezing wraith's attack.
GONNNNG!
The titan is struck by your spines. The titan hits you.
The frost giant is struck by your spines.
The frost giant hits you with a +2 battleaxe of freezing!!
* * * LOW HITPOINT WARNING * * *
The frost giant freezes you!
* * * LOW HITPOINT WARNING * * *
The frost giant points at you and mumbles some strange words.
The bolt of cold hits you!!!
You die...

▓...8©8...▓
▓...))[[..▓...[..)..▓
▓..:)[||..▓.....[)..▓
▓.........▓.........▓
▓.........▓.........▓
▓.........▓.....)...▓
▓.°§W○§...▓....)....▓
▓.°WCC○...▓.▓...).▓.▓
▓.☼ChC○...▓....©))..▓
▓.§○○Z☼...▓▓▓▓▓▓▓▓▓▓▓
▓▓▓▓▓▓▓▓▓▓▓


You could see a titan, 3 frost giants, 2 freezing wraiths and a ball python
simulacrum.

Vanquished Creatures
  An azure jelly (D)
  A vault warden (D)
  A deep elf death mage (D)
  2 dancing weapons (D)
  4 deep elf knights (D)
  A deep elf archer (D)
  A deep elf zephyrmancer (D)
  3 deep elf pyromancers (D)
  A shining eye (D)
  A black mamba (D)
  3 yaktaurs (D)
  A wind drake (D)
  2 merfolk (D)
  A glass eye (D)
  A slime creature (D)
  3 golden eyes (D)
  A naga (D)
  2 water moccasins (D)
  A wolf (D)
  5 centaurs (D)
  A wight (D)
  A crimson imp (D)
  A jelly (D)
  An iron imp (D)
  2 adders (D)
  2 river rats (D)
  A shadow imp (D)
  An adder zombie (D)
  An adder skeleton (D)
  A ball python (D)
  An endoplasm (D)
  A jackal (D)
  A ball python simulacrum (D)
  A bat simulacrum (D)
  A quokka zombie (D)
53 creatures vanquished.

Vanquished Creatures (collateral kills)
  2 vault guards (D)
  A necromancer (D)
3 creatures vanquished.

Vanquished Creatures (others)
  A centaur (D)
1 creature vanquished.

Grand Total: 57 creatures vanquished

Notes
Turn   | Place    | Note
-------+----------+-------------------------------------------
     0 | D        | fingers the Demonspawn Fighter began the quest for the Orb.
     0 | D        | Reached XP level 1. HP: 18/18 MP: 1/1
     0 | D        | Found a shimmering blue altar of Sif Muna.
     0 | D        | Found a bloodstained altar of Trog.
     0 | D        | Found a sacrificial altar of Ru.
     0 | D        | Found a stormy altar of Qazlal.
     0 | D        | Found an iron altar of Okawaru.
     1 | D        | Found a sparkling altar of Nemelex Xobeh.
     1 | D        | Found a blossoming altar of Fedhas.
     1 | D        | Found the +6 Majin-Bo {spellvamp, MP+6 Int+6}
     1 | D        | Found the +27 heavy crossbow "Sniper" {heavy, Acc+∞ SInv}
     1 | D        | Found the +10 dark maul {heavy}
     1 | D        | Found the +15 Maxwell's patent armour {-Cast -Tele rElec
                  | Will+ rCorr}
     1 | D        | Found the +18 shield of the Gong {Loud rN+ Will+ rCorr
                  | EV-5}
     1 | D        | Found the +16 obsidian axe {drain, demonic, Mesm Drain Fly
                  | SInv}
     1 | D        | Found the +7 great mace "Firestarter" {flame, immolate,
                  | rFlCloud rF++}
     1 | D        | Found the +6 shillelagh "Devastator" {shatter}
     1 | D        | Found the +11 plutonium sword {Contam Stlth-}
     1 | D        | Found the +8 lance "Wyrmbane" {slay drac, rPois rF+ rC+
                  | AC+3}
     1 | D        | Found the +9 sword of Zonguldrok {reap}
     1 | D        | Found the +13 scythe of Curses {drain, curses, Drain}
     1 | D        | Found the +9 sword of Power {lifebolt}
     1 | D        | Found the +7 mace of Variability {chaos, chaos arc}
     1 | D        | Found the +11 Singing Sword {sonic wave}
     1 | D        | Found the +8 storm bow {elec, penet}
     3 | D        | Found a transporter.
     3 | D        | Found an ancient bone altar of Kikubaaqudgha.
     3 | D        | Found a viscous altar of Jiyva.
     3 | D        | Found a corrupted altar of Lugonu.
     3 | D        | Found a hazy altar of Hepliaklqana.
     3 | D        | Found a burning altar of Makhleb.
     3 | D        | Found an opulent altar of Gozag.
   116 | D        | Became a worshipper of the Wu Jian Council
   131 | D        | Entered arena 2.
   131 | D        | Noticed a wight
   131 | D        | Found a transporter.
   134 | D        | Killed a wight
   135 | D        | Reached skill level 4 in Shields
   135 | D        | Discovered your monstrous ancestry.
   135 | D        | Gained mutation: Your touch may inflict minor irresistible
                  | damage on your foes. [demonic ancestry]
   135 | D        | Reached XP level 2. HP: 26/26 MP: 2/2
   135 | D        | Gained mutation: Your touch may inflict irresistible damage
                  | on your foes. [demonic ancestry]
   135 | D        | Reached XP level 3. HP: 32/32 MP: 3/3
   138 | D        | Reached skill level 5 in Fighting
   144 | D        | Entered arena 3.
   144 | D        | Noticed a +2 battleaxe of electrocution
   144 | D        | Noticed a deep elf pyromancer
   144 | D        | Noticed a deep elf knight
   144 | D        | Found a transporter.
   150 | D        | Noticed a fire elemental
   150 | D        | Noticed a fire elemental
   150 | D        | Killed a +2 battleaxe of electrocution
   150 | D        | Reached * piety under Wu Jian
   151 | D        | Reached skill level 8 in Shields
   151 | D        | Gained mutation: Your touch may irresistibly damage your
                  | foes and sap their willpower. [demonic ancestry]
   151 | D        | Reached XP level 4. HP: 44/44 MP: 4/4
   151 | D        | Gained mutation: You are partially covered in sharp spines.
                  | [demonic ancestry]
   151 | D        | Reached XP level 5. HP: 49/49 MP: 5/5
   151 | D        | Gained mutation: You are mostly covered in sharp spines.
                  | [demonic ancestry]
   151 | D        | Reached XP level 6. HP: 56/56 MP: 6/6
   151 | D        | Gained mutation: You have a small tail. [demonic ancestry]
   151 | D        | Reached XP level 7. HP: 62/62 MP: 7/7
   152 | D        | Noticed a fire elemental
   159 | D        | Killed a deep elf pyromancer
   160 | D        | Reached skill level 9 in Shields
   160 | D        | Reached XP level 8. HP: 66/70 MP: 8/8
   175 | D        | Killed a deep elf knight
   175 | D        | Reached ** piety under Wu Jian
   176 | D        | Reached skill level 1 in Dodging
   176 | D        | Reached skill level 10 in Shields
   268 | D        | Entered arena 4.
   268 | D        | Found a transporter.
   286 | D        | Entered arena 5.
   286 | D        | Noticed a yaktaur
   286 | D        | Found a transporter.
   292 | D        | Killed a yaktaur
   292 | D        | Reached *** piety under Wu Jian
   293 | D        | Reached skill level 1 in Evocations
   294 | D        | Reached skill level 11 in Shields
   294 | D        | Gained mutation: You are completely covered in sharp
                  | spines. [demonic ancestry]
   294 | D        | Reached XP level 9. HP: 70/78 MP: 9/9
   320 | D        | Entered arena 6.
   320 | D        | Found a transporter.
   323 | D        | Reached **** piety under Wu Jian
   341 | D        | Entered arena 7.
   341 | D        | Noticed a wind drake
   341 | D        | Noticed a merfolk
   341 | D        | Noticed a merfolk
   343 | D        | Found a transporter.
   354 | D        | Killed a wind drake
   354 | D        | Reached ***** piety under Wu Jian
   355 | D        | Reached skill level 10 in Fighting
   355 | D        | Killed a merfolk
   356 | D        | Reached skill level 12 in Shields
   359 | D        | Killed a merfolk
   484 | D        | Got Sif Muna's Compilation of Metal and Dislocation
   487 | D        | Entered arena 8.
   487 | D        | Noticed a yaktaur
   487 | D        | Noticed a yaktaur
   487 | D        | Noticed a necromancer
   487 | D        | Noticed a vault guard
   487 | D        | Noticed a vault warden
   487 | D        | Noticed a vault guard
   492 | D        | Found a transporter.
   493 | D        | Killed a necromancer
   495 | D        | Killed a vault guard
   496 | D        | Reached skill level 10 in Maces & Flails
   496 | D        | Gained mutation: A meltable shield of frost defends you.
                  | (SH +4) [demonic ancestry]
   496 | D        | Reached XP level 10. HP: 47/86 MP: 10/10
   497 | D        | Killed a vault guard
   498 | D        | Reached skill level 10 in Armour
   498 | D        | Reached skill level 13 in Shields
   499 | D        | Reached skill level 5 in Shapeshifting
   503 | D        | Killed a vault warden
   678 | D        | Got the ring of the Commoners {Will+ rCorr}
   687 | D        | Reached skill level 1 in Stealth
   687 | D        | Gained mutation: A meltable icy envelope protects you from
                  | harm. (AC +4) [demonic ancestry]
   687 | D        | Reached XP level 11. HP: 93/93 MP: 11/11
   691 | D        | Entered arena 9.
   692 | D        | Found a transporter.
   695 | D        | Reached skill level 14 in Shields
   697 | D        | Reached ****** piety under Wu Jian
   715 | D        | Entered arena 10.
   715 | D        | Noticed a shining eye
   716 | D        | Found a transporter.
   727 | D        | Gained mutation: You occasionally lose the ability to read
                  | scrolls when taking damage. [a shining eye]
   731 | D        | Gained mutation: You occasionally shout uncontrollably at
                  | your foes. [a shining eye]
   732 | D        | Killed a shining eye
   767 | D        | Entered arena 11.
   767 | D        | Noticed a +0 war axe of venom
   767 | D        | Noticed a deep elf knight
   767 | D        | Noticed a deep elf pyromancer
   767 | D        | Noticed a deep elf archer
   767 | D        | Noticed a deep elf pyromancer
   767 | D        | Noticed a deep elf knight
   767 | D        | Noticed a deep elf death mage
   767 | D        | Noticed a deep elf knight
   767 | D        | Noticed a deep elf zephyrmancer
   770 | D        | Found a transporter.
   771 | D        | Killed a +0 war axe of venom
   778 | D        | Killed a deep elf pyromancer
   779 | D        | Killed a ghostly deep elf pyromancer
   789 | D        | Killed a deep elf knight
   795 | D        | Killed a ghostly deep elf knight
   796 | D        | Reached XP level 12. HP: 54/102 MP: 12/12
   799 | D        | Killed a deep elf death mage
   801 | D        | Killed a ghostly deep elf death mage
   802 | D        | Reached skill level 15 in Shields
   952 | D        | Got the ring of Arrival {rCorr Dex+2}
   969 | D        | Entered arena 12.
   969 | D        | Noticed an azure jelly
   969 | D        | Noticed a titan
   969 | D        | Noticed a frost giant
   970 | D        | Noticed a frost giant
   970 | D        | Noticed a frost giant
   978 | D        | Killed an azure jelly
   979 | D        | Reached skill level 16 in Shields
   982 | D        | HP: 2/103 [frost giant/+2 battleaxe of freezing (11)]
   982 | D        | Killed from afar by a frost giant

Illustrated notes

Levels and vault maps discovered:
D:        sprint_v [room_start, room_1, room_2, room_3, room_4, room_5, room_6,
          room_7, room_8, room_9, room_10, room_11, room_12, room_13, room_14,
          room_15, room_16, room_17, room_18, room_19, room_20, room_21,
          room_22, room_23, room_24, room_25, room_26, room_27]

Skill      XL: |  1  2  3  4  5  6  7  8  9 10 11 12 |
---------------+-------------------------------------+-----
Fighting       | 4 8 9 10 11 12 | 12.8
Maces & Flails | 2 6 8 10 11 13 | 13.6
Armour         | 4 7 8 9 10 11 | 11.6
Shields        | 4 8 9 11 12 13 14 16 | 16.0
Shapeshifting  | 2 3 4 5 6 |  6.8
Dodging        | 1 2 3 |  3.7
Evocations     | 1 2 3 4 |  4.5
Stealth        | 1 2 |  2.3

Action                     |  1- 3 |  4- 6 |  7- 9 | 10-12 || total
---------------------------+-------+-------+-------+-------++-------
  Melee: Demon whip        |     9 |       |    65 |   100 ||   174
         Tailslap          |       |       |     8 |    17 ||    25
 Invoke: Serpent's Lash    |       |       |     1 |     1 ||     2
         Heavenly Storm    |       |       |     1 |     1 ||     2
Ability: Lunge             |     2 |       |     6 |     5 ||    13
         Whirlwind         |       |       |    14 |    19 ||    33
  Evoke: Phantom mirror    |     1 |       |     4 |     3 ||     8
         Wand              |       |       |     2 |       ||     2
    Use: Potion            |     1 |       |     4 |    11 ||    16
         Scroll            |       |       |       |     1 ||     1
 Armour: Plate armour      |     5 |       |    64 |   110 ||   179
  Dodge: Dodged            |       |       |     5 |    14 ||    19
  Block: Kite shield       |     9 |       |   105 |   129 ||   243
   Form: Beast             |     1 |       |       |       ||     1

Table legend: (Time is in decaauts)
 A = Elapsed time spent in this place.
 B = Non-inter-level travel time spent in this place.
 C = Inter-level travel time spent in this place.
 D = Time resting spent in this place.
 E = Time spent auto-exploring this place.
 F = Levels seen in this place.
 G = Mean time per level.
                   A        B        C        D        E       F      G
               +--------+--------+--------+--------+--------+-----+--------+
         Total |    956 |    954 |      2 |      0 |    503 |   1 |  956.0 |
       Dungeon |    956 |    954 |      2 |      0 |    503 |   1 |  956.0 |
               +--------+--------+--------+--------+--------+-----+--------+

Top non-repeatable levels by time:
       D: 956 daAuts
